 Dungeon Crawl Stone Soup version 0.22-a0-480-g991dd4b (webtiles) character file.

32 Darkshadow the Chopper (level 3, -3/33 HPs)
             Began as a Hill Orc Monk on June 14, 2018.
             Slain by a gnoll
             ... wielding a +0 spear
              (4 damage)
             ... on level 1 of the Dungeon.
             The game lasted 00:03:45 (967 turns).

Darkshadow the Chopper (Hill Orc Monk)               Turns: 967, Time: 00:03:45

Health: -3/33      AC:  5    Str: 14    XL:     3   Next: 25%
Magic:  3/3        EV: 10    Int: 10    God:
Gold:   52         SH:  3    Dex: 13    Spells: 2/2 levels left

rFire    . . .     SeeInvis .   a - +0 hand axe
rCold    . . .     Gourm    .   g - +0 buckler
rNeg     . . .     Faith    .   d - +0 ring mail
rPois    .         Spirit   .   (no helmet)
rElec    .         Reflect  .   (no cloak)
rCorr    .         Harm     .   (no gloves)
MR       .....                  (no boots)
Stlth    +.........             (no amulet)
HPRegen  0.11/turn              (no ring)
MPRegen  0.08/turn              (no ring)

@: no status effects
A: no striking features
a: no special abilities


You were on level 1 of the Dungeon.
You were not hungry.

You visited 1 branch of the dungeon, and saw 2 of its levels.

You collected 52 gold pieces.

Inventory:

Hand Weapons
 a - a +0 hand axe (weapon)
Armour
 b - a +0 robe
 d - a +0 ring mail (worn)
 g - a +0 buckler (worn)
Scrolls
 e - a scroll of fear {unknown}
 f - 2 scrolls of remove curse {unknown}
 h - a scroll of magic mapping {unknown}
Comestibles
 c - 4 rations


   Skills:
 - Level 3.7 Fighting
 * Level 5.5 Axes
 - Level 2.4 Dodging
 - Level 1.6 Stealth


You had 2 spell levels left.
You didn't know any spells.
Your spell library was empty.

Dungeon Overview and Level Annotations

Branches:
Dungeon (2/15)

Altars:


Message History

You closely miss the gnoll. The gnoll barely misses you.
The gnoll closely misses you. You block the gnoll's attack.
The gnoll hits you from afar with a halberd!
The gnoll hits you but does no damage.
There is a stone staircase leading up here.
The gnoll hits you with a spear. The gnoll barely misses you.
You climb upwards.
There is a stone staircase leading down here.
You are too injured to fight recklessly!
You are too injured to fight recklessly!
You are too injured to fight recklessly!
Your ring mail prevents you from hitting the gnoll.
The gnoll hits you with a spear.
* * * LOW HITPOINT WARNING * * *
The gnoll hits you with a spear!
* * * LOW HITPOINT WARNING * * *
Your ring mail prevents you from hitting the gnoll.
The gnoll hits you with a spear.
You die...

..# #.#.# #.# #.# #.##
#.#.# #.# #.# .#.##
#.#.##### ##.## #>#
###.###.#.....###...##
#.# #
##.##.#####.##.#.#.####.#
##### ##...#
#.............###.... #
##.####
###.##.##.###........
###.##
#.##.##.....≈≈≈≈≈≈≈ .#.##
##@#.#.#...≈≈...♣.≈ #...#
##g..##..≈≈..♣.... #...#
##.###.≈≈..8.<..♣ #...#
#.# #.≈..♣.....8 ##.##
#.# #.≈.....♣).. #.# #.#
#.≈≈........ #.# #.#
#..≈≈..8.... #.# #.#
##..≈≈.....≈ #.# #.#
##..≈≈≈.≈≈≈


You could see a gnoll.

Vanquished Creatures
  A gnoll (D:2)
  A dart slug (D:1)
  A leopard gecko (D:1)
  4 giant cockroaches (D:1)
  3 goblins (D:1)
  A hobgoblin (D:1)
  A bat (D:1)
  2 frilled lizards (D:1)
  3 kobolds (D:1)
  2 rats (D:1)
19 creatures vanquished.

Notes
Turn   | Place    | Note
-------+----------+-------------------------------------------
     0 | D:1      | Darkshadow the Hill Orc Monk began the quest for the Orb.
     0 | D:1      | Reached XP level 1. HP: 19/19 MP: 1/1
   349 | D:1      | Reached XP level 2. HP: 27/27 MP: 2/2
   672 | D:1      | Reached skill level 5 in Axes
   956 | D:2      | Reached XP level 3. HP: 27/33 MP: 3/3
   966 | D:1      | HP: 1/33 [gnoll/spear (7)]
   967 | D:1      | Slain by a gnoll

Vault maps used:
D:1:      moated_graveyard_arrival
D:2:      makhleb_altar_promises_db

Skill      XL: |  1  2 |
---------------+-------+-----
Axes           | 5 |  5.5
Fighting       | |  3.7
Dodging        | |  2.4
Stealth        | |  1.6

Action                   || total
-------------------------++-------
Melee: Hand axe          ||    59
Armor: Ring mail         ||    22
Dodge: Dodged            ||    37
Block: Buckler           ||     2

Table legend:
 A = Spawn XP
 B = Non-spawn XP
 C = Spawn XP percentage of total XP
 D = Spawn monster count
 E = Non-spawn monster count
 F = Spawn count percentage of total count
 G = Total turns spent on level
                    A         B        C        D         E        F      G
               +---------+---------+-------+---------+---------+-------+---------
         Total |       0 |      46 |   0.0 |       0 |      19 |   0.0 |   967
               +---------+---------+-------+---------+---------+-------+---------
           D:1 |       0 |      32 |   0.0 |       0 |      18 |   0.0 |   949
           D:2 |       0 |      14 |   0.0 |       0 |       1 |   0.0 |    18
               +---------+---------+-------+---------+---------+-------+---------
